Map: 10000 Feet LE

Players

koksnenar - Winner!

  • Race: Protoss Protoss
  • League: Gold
  • Spawn Location: 11:00

Sindyr

  • Race: Zerg Zerg
  • League: Master
  • Spawn Location: 5:00

VOD

Have the link to the VOD?

Description

Time

  • Played on: Jan. 19, 2026, 2:14 p.m.
  • Length: 14:20
Show
View Real Time Build Order
Export as new Build Order

koksnenar Protoss - Winner!

Build Orders:  

Get SALT Encoding   

  1  0:00  Probe  
  12  0:04  Probe  
  14  0:14  Probe  
  15  0:21  Pylon  
  15  0:40  Gateway  
  15  0:42  Probe  
  16  0:50  Gateway  
  16  0:55  Probe  
  17  1:05  Forge  
  17  1:29  Zealot  
  19  1:34  Assimilator  
  19  1:37  Zealot  
  21  1:41  Photon Cannon  
  21  1:46  Photon Cannon  
  21  1:52  Pylon  
  21  1:53  Probe  
  21  2:01  Probe  
  23  2:09  Probe  
  23  2:11  Zealot  
  26  2:16  Zealot  
  28  2:36  Probe  
  29  2:39  Zealot  
  29  2:40  Pylon  
  31  2:57  Gateway  
  31  2:58  Zealot  
  33  3:06  Zealot  
  33  3:07  Cybernetics Core  
  35  3:22  Assimilator  
  35  3:25  Zealot  
  37  3:33  Zealot  
  39  3:34  Pylon, Warp Gate  
  39  3:49  Stalker  
  39  3:53  Stalker  
  41  3:57  Stalker  
  41  4:02  Probe  
  46  4:10  Probe  
  31  5:10  Nexus  
  31  5:11  Pylon  
  31  5:23  Stalker x3  
  37  5:31  Photon Cannon  
  37  5:33  Photon Cannon  
  37  5:40  Probe  
  37  5:47  Stalker  
  37  5:48  Stalker  
  42  5:56  Pylon  
  42  6:05  Stalker  
  44  6:14  Stalker  
  44  6:17  Sentry  
  46  6:34  Stalker  
  48  7:00  Stalker  
  48  7:01  Stalker x2  
  34  7:21  Robotics Facility  
  34  7:25  Robotics Facility  
  34  7:27  Probe  
  34  7:35  Probe  
  35  7:43  Probe  
  36  7:48  Probe  
  37  7:51  Probe  
  37  7:54  Protoss Ground Weapons Level 1  
  37  7:56  Probe  
  39  8:00  Assimilator  
  39  8:01  Probe  
  41  8:05  Probe  
  42  8:13  Probe  
  42  8:15  Stalker x3  
  42  8:17  Probe  
  50  8:25  Probe  
  51  8:27  Robotics Bay  
  51  8:30  Probe  
  51  8:32  Gateway  
  52  8:35  Probe  
  53  8:42  Sentry  
  53  8:43  Probe  
  53  8:45  Sentry  
  58  8:53  Probe  
  59  8:57  Assimilator  
  59  8:59  Stalker  
  59  9:02  Probe  
  61  9:08  Colossus  
  63  9:10  Probe  
  63  9:15  Extended Thermal Lance  
  63  9:24  Probe  
  69  9:29  Observer  
  71  9:36  Probe  
  72  9:51  Pylon  
  72  9:52  Pylon  
  72  9:54  Pylon  
  72  10:09  Colossus  
  72  10:12  Stalker x2  
  72  10:13  Stalker  
  84  10:18  Pylon  
  84  10:23  Protoss Ground Armor Level 1  
  84  10:24  Photon Cannon  
  84  10:29  Stalker  
  84  10:30  Colossus  
  92  10:41  Stalker  
  92  10:42  Stalker  
  96  10:45  Sentry  
  98  10:55  Gateway  
  98  11:47  Stalker x2  
  102  11:59  Pylon x2  
  102  12:01  Pylon  
  102  12:17  Stalker x2  
  102  12:19  Stalker x2  
  102  12:20  Stalker  
  100  12:40  Colossus x2  
  92  13:25  Stalker x2  
  92  13:26  Stalker x3  
  102  13:33  Nexus  
  102  13:35  Pylon  
  102  13:36  Pylon  
Show
View Real Time Build Order
Export as new Build Order

Sindyr Zerg 

Build Orders: Hatch First 

Get SALT Encoding   

  12  0:03  Drone  
  13  0:10  Drone  
  14  0:40  Overlord  
  14  0:51  Extractor  
  14  0:53  Extractor  
  14  0:54  Drone x2  
  16  1:04  Drone  
  17  1:12  Hatchery  
  16  1:21  Drone x2  
  16  1:24  Extractor  
  17  1:27  Drone, Spawning Pool  
  17  1:37  Drone  
  18  1:53  Drone  
  19  2:02  Overlord  
  19  2:09  Drone  
  20  2:18  Queen  
  21  2:30  Queen  
  21  2:33  Drone x3  
  26  2:42  Drone  
  27  2:45  Metabolic Boost  
  27  2:49  Drone x2  
  29  3:06  Queen  
  31  3:14  Overlord x2  
  31  3:30  Drone x3  
  31  3:31  Drone x2  
  36  3:35  Lair  
  36  3:39  Evolution Chamber  
  36  3:40  Evolution Chamber  
  34  3:43  Drone x3, Roach Warren  
  36  3:48  Extractor  
  35  4:10  Hatchery  
  32  4:18  Zergling x16  
  40  4:34  Roach  
  40  4:35  Roach x2  
  29  5:12  Zerg Missile Weapons Level 1  
  29  5:15  Roach  
  29  5:17  Drone  
  29  5:19  Drone  
  33  5:23  Drone  
  34  5:41  Queen  
  36  5:44  Queen  
  38  5:53  Drone x3  
  38  5:56  Drone  
  42  5:59  Drone  
  42  6:02  Drone  
  44  6:11  Zerg Ground Armor Level 1  
  44  6:16  Glial Reconstitution  
  44  6:22  Drone x2  
  44  6:24  Drone  
  43  6:26  Zergling x2  
  40  6:34  Zergling x4  
  40  6:35  Zergling x2  
  43  6:45  Zergling x6  
  43  6:46  Zergling x2  
  35  7:30  Drone x3  
  38  7:51  Drone x2  
  38  7:52  Drone  
  38  7:53  Drone x3  
  38  7:54  Drone  
  38  7:55  Zerg Missile Weapons Level 2  
  45  7:58  Overlord  
  45  8:01  Overlord  
  45  8:10  Extractor  
  45  8:12  Extractor  
  43  8:17  Drone x3  
  46  8:27  Infestation Pit  
  46  8:29  Zerg Ground Armor Level 2  
  45  9:05  Hive  
  45  9:07  Roach x7, Zergling x2  
  45  9:08  Zergling x6  
  45  9:09  Roach, Zergling x2  
  66  9:10  Zergling x4  
  68  9:22  Overlord  
  68  10:09  Hatchery  
  67  10:19  Zerg Missile Weapons Level 3  
  67  10:21  Roach x4  
  73  10:24  Overlord x5  
  75  10:31  Drone  
  76  10:38  Overseer  
  76  10:49  Zerg Ground Armor Level 3  
  76  11:20  Hydralisk Den  
  76  11:23  Queen  
  76  11:25  Drone x14  
  90  11:27  Drone  
  90  11:29  Drone  
  90  11:32  Drone  
  94  12:00  Muscular Augments  
  94  12:11  Extractor  
  94  12:12  Extractor  
  94  12:15  Hydralisk x8  
  92  12:16  Hydralisk x2, Roach  
  107  12:29  Roach x6  
  101  12:30  Zergling x2  
  101  12:32  Zergling x2  
  101  12:34  Roach  
  101  12:36  Zergling x2  
  101  12:43  Zergling x2  
  101  12:44  Zergling x8  
  96  12:51  Zergling x4  
  96  12:52  Zergling x6  
  84  13:04  Zergling x2, Grooved Spines  
  84  13:05  Zergling x8  
  68  13:13  Zergling x12  
  68  13:19  Zergling x2  
  69  13:20  Zergling x4  
  65  13:40  Roach x5  
  65  13:41  Roach  
  65  13:44  Zergling x2, Roach  
  65  13:45  Roach x2, Zergling x2  
  59  13:53  Zergling x2  
Tags
 
Matchup
PvZ
Replay Pack
Multiplayer
Spawn Locations
Cross Positions
Add a new tag
Caveats
  • Supply blocks, unpowered buildings, or Contaminate may cause inaccurate times.
  • Supply counts are checked every 10 seconds.